 Dungeon Crawl Stone Soup version 0.30-a0-279-g4b46babb21 (webtiles) character file.

Game seed: 542668041603817573

2530 mandarbmax the Slicer (level 9, 0/47 HPs)
             Began as a Vine Stalker Fighter on Oct 16, 2022.
             Slain by a mummy (10 damage)
             ... in an ossuary.
             The game lasted 00:12:14 (3993 turns).

mandarbmax the Slicer (Vine Stalker Fighter)        Turns: 3993, Time: 00:12:15

Health: 0/47       AC:  7    Str: 24    XL:     9   Next: 54%
Magic:  0/10       EV: 11    Int:  7    God:
Gold:   215        SH:  6    Dex: 22    Spells: 8/8 levels left

rFire   + . .      SeeInvis .    a - +0 rapier
rCold   + + .      Faith    .    c - +0 buckler
rNeg    . . .      Spirit   +    b - +0 scale mail
rPois   +          Reflect  .    (no helmet)
rElec   +          Harm     .    (no cloak)
rCorr   +          Rampage  +    (no gloves)
Will    +....                    j - +0 pair of boots of the Endless Expanse {Rampage +Inv rPois}
Stlth   +.........               (no amulet)
HPRegen 1.07/turn                r - ring of protection from cold
MPRegen 0.12/turn                t - +6 ring of strength

@: resistant, marked
A: fangs 3, regeneration 1, magic shield, antimagic bite, no potion heal 2,
agile 1, wild magic 1
a: Evoke Invisibility


You were in an ossuary.
You visited 2 branches of the dungeon, and saw 7 of its levels.
You also visited: Ossuary.

You collected 215 gold pieces.

Inventory:

Hand Weapons
 a - a +0 rapier (weapon)
Missiles
 k - 2 boomerangs
 o - a poisoned dart (quivered)
Armour
 b - a +0 scale mail (worn)
 c - a +0 buckler (worn)
 j - the +0 pair of boots of the Endless Expanse (worn) {Rampage +Inv rPois}
   (You found it on level 2 of the Dungeon)

   rPois:     It protects you from poison.
   +Inv:      It lets you turn invisible.
   Rampage:   It bestows one free step when moving towards enemies.
Jewellery
 e - a ring of ice
 h - a ring of positive energy
 r - a ring of protection from cold (left hand)
 t - a +6 ring of strength (right hand)
 u - a ring of flight
Scrolls
 f - a scroll of amnesia {unknown}
 l - a scroll of vulnerability {unknown}
 n - a scroll of blinking {unknown}
 v - a scroll of magic mapping
 y - a scroll of enchant armour {unknown}
 B - a scroll of fear
 C - a scroll of immolation {unknown}
 D - a scroll of poison {unknown}
Potions
 d - a potion of might
 g - a potion of flight
 i - a potion of curing {unknown}
 m - a potion of lignification {unknown}
 q - a potion of haste {unknown}
 x - a potion of attraction {unknown}


   Skills:
 - Level 5.0 Fighting
 - Level 9.0 Short Blades
 - Level 3.0 Armour
 - Level 3.0 Dodging
 + Level 1.9 Stealth
 - Level 3.0 Shields
 - Level 4.0 Evocations


You had 8 spell levels left.
You didn't know any spells.
Your spell library contained the following spells:

 Spells                   Type           Power      Damage    Failure   Level
 Kiss of Death            Conj/Necr      0%         2d5       88%         1
 Blink                    Tloc           0%         N/A       95%         2
 Momentum Strike          Conj/Tloc      0%         3d8       95%         2
 Sublimation of Blood     Necr           0%         N/A       95%         2
 Confusing Touch          Hex            0%         N/A       99%         3
 Lesser Beckoning         Tloc           0%         N/A       99%         3
 Ozocubu's Armour         Ice            0%         N/A       99%         3
 Dispel Undead            Necr           0%         3d6       100%        4
 Metabolic Englaciation   Hex/Ice        0%         N/A       100%        5
 Iron Shot                Conj/Erth      0%         9d1       100%        6
 Simulacrum               Ice/Necr       0%         N/A       100%        6
 Lehudib's Crystal Spear  Conj/Erth      0%         10d2      100%        8


Dungeon Overview and Level Annotations

Branches:
Dungeon (6/15)             Temple (1/1) D:4         Ossuary (1/1)

Altars:
Ashenzari
Cheibriados
Fedhas
Gozag
Kikubaaqudgha
Makhleb
Nemelex Xobeh
Okawaru
Qazlal
Ru
Sif Muna
Trog
Uskayaw
Vehumet
Xom
Yredelemnul
Zin

Annotations:
Ossuary Menkaure


Innate Abilities, Weirdness & Mutations

You have razor-sharp teeth.
Your natural rate of healing is unusually fast.
When hurt, damage is shared between your health and your magic reserves.
Your bite disrupts and absorbs the magic of your enemies.
Potions cannot restore your health.
You are agile. (Dex +4, Str/Int -1)
Your spells are a little harder to cast, but a little more powerful.


Message History

A gnoll zombie comes into view.
Menkaure calls on the powers of darkness!
Your body is wracked with pain!
You are too injured to fight recklessly!
You are too injured to fight recklessly!
You are too injured to fight recklessly!
You are too injured to fight recklessly!
You are too injured to fight recklessly!
You are too injured to fight recklessly!
You are too injured to fight recklessly!
You are too injured to fight recklessly!
You are too injured to fight recklessly!
You are too injured to fight recklessly!
You are too injured to fight recklessly!
You are too injured to fight recklessly!
You are too injured to fight recklessly!
You are too injured to fight recklessly!
You are too injured to fight recklessly!
You are too injured to fight recklessly!
You are too injured to fight recklessly!
You are too injured to fight recklessly!
You are too injured to fight recklessly!
You are too injured to fight recklessly!
You are too injured to fight recklessly!
You are too injured to fight recklessly!
You are too injured to fight recklessly!
Unknown command.
You hit the mummy.
The mummy is severely damaged.
The mummy hits you!
* * * LOW HITPOINT WARNING * * *
Okay, then.
Okay, then.
It was a potion of mutation.
You feel extremely strange.
You feel less in control of your magic.
You feel agile.
A goblin skeleton comes into view.
It was a potion of resistance.
You feel protected. The mummy hits you!
You die...

##..##....##..##
##..##..##..##..##
##..##..####..##..##
##..##..######..##..##
##..##..##^...##..##..##
##..##..##..##..##..##..#
##..##..##..####..##..##..
##..##..##..## ##..##..##.
##..##..##Z@## ##..##..##
##..##..##.M## ##..##..#
##..##..##..# ##..##..
##.^##..##..# ##..##.
##..##..##ZM# ##..##
##..##..##.Z# ##..# #..##..##...
##..
..##.^##########################.
.##..............................


You could see Menkaure, a mummy, a gnoll zombie, a kobold zombie and a goblin
skeleton.

Vanquished Creatures
  A two-headed ogre (D:5)
  A komodo dragon (D:5)
  A wraith (D:5)
  A water moccasin (D:5)
  3 black bears (D:5)
  An ice beast (D:5)
  An ogre (D:5)
  2 phantoms
  A scorpion (D:5)
  2 necrophages
  A water moccasin skeleton (D:4)
  2 jellies (D:5)
  A bullfrog zombie (D:4)
  2 hounds
  2 iguanas
  Terence (D:3)
  2 scorpion zombies (D:4)
  3 orc wizards (D:3)
  Natasha (D:3)
  A hound skeleton (D:4)
  A hound zombie (D:4)
  3 mummies
  5 adders
  2 shadow imps (D:5)
  An ufetubus (D:4)
  An adder skeleton (D:4)
  2 worms
  2 dart slugs
  16 orcs
  2 ball pythons
  2 bats
  6 endoplasms
  A giant cockroach (D:2)
  3 gnoll zombies (Ossuary)
  5 goblins
  4 hobgoblins
  A jackal (D:5)
  2 quokkas (D:1)
  5 frilled lizards
  5 gnoll skeletons (Ossuary)
  3 goblin skeletons (Ossuary)
  4 goblin zombies (Ossuary)
  4 hobgoblin skeletons (Ossuary)
  4 hobgoblin zombies (Ossuary)
  7 kobolds
  3 kobold skeletons (Ossuary)
  4 kobold zombies (Ossuary)
  4 orc skeletons (Ossuary)
  5 orc zombies
  3 rats (D:3)
  3 rat skeletons (Ossuary)
  2 rat zombies (Ossuary)
145 creatures vanquished.

Notes
Turn   | Place    | Note
-------+----------+-------------------------------------------
     0 | D:1      | mandarbmax the Vine Stalker Fighter began the quest for the
                  | Orb.
     0 | D:1      | Reached XP level 1. HP: 11/11 MP: 2/2
    42 | D:1      | You fall into a shaft and drop 1 floor!
   115 | D:2      | Reached skill level 2 in Short Blades
   129 | D:2      | Identified the +0 pair of boots of the Endless Expanse
                  | {Rampage +Inv rPois}
   159 | D:2      | Reached XP level 2. HP: 16/16 MP: 3/3
   584 | D:1      | Reached XP level 3. HP: 20/20 MP: 4/4
  1008 | D:3      | Found a radiant altar of Vehumet.
  1109 | D:3      | Reached skill level 3 in Short Blades
  1124 | D:3      | Gained mutation: Your natural rate of healing is unusually
                  | fast. [Vine Stalker growth]
  1124 | D:3      | Reached XP level 4. HP: 15/24 MP: 5/5
  1199 | D:3      | Reached skill level 4 in Short Blades
  1213 | D:3      | Reached XP level 5. HP: 25/28 MP: 4/6
  1290 | D:3      | Noticed Natasha
  1299 | D:3      | Killed Natasha
  1310 | D:3      | Reached skill level 5 in Short Blades
  1350 | D:3      | Reached XP level 6. HP: 32/32 MP: 7/7
  1352 | D:3      | Noticed Terence
  1364 | D:3      | Killed Terence
  1821 | D:4      | Found a staircase to the Ecumenical Temple.
  1831 | Temple   | Entered the Ecumenical Temple
  2452 | D:4      | Reached skill level 6 in Short Blades
  2565 | D:4      | Reached XP level 7. HP: 31/36 MP: 6/8
  2779 | D:5      | Entered Level 5 of the Dungeon
  2832 | D:5      | Reached skill level 7 in Short Blades
  3007 | D:5      | Reached skill level 8 in Short Blades
  3007 | D:5      | Gained mutation: You have razor-sharp teeth. [Vine Stalker
                  | growth]
  3007 | D:5      | Reached XP level 8. HP: 35/39 MP: 9/9
  3134 | D:5      | Noticed a wraith
  3216 | D:5      | Reached skill level 9 in Short Blades
  3272 | D:5      | Got the Incunable of Terrestrial Death
  3584 | D:5      | Killed a wraith
  3585 | D:5      | Reached skill level 5 in Fighting
  3676 | D:5      | Noticed a two-headed ogre
  3682 | D:5      | Killed a two-headed ogre
  3683 | D:5      | Reached XP level 9. HP: 34/47 MP: 7/10
  3684 | D:5      | Noticed a komodo dragon
  3689 | D:5      | Killed a komodo dragon
  3754 | D:6      | Found a sand-covered staircase.
  3764 | Ossuary  | Entered an ossuary
  3817 | Ossuary  | Reached skill level 1 in Stealth
  3987 | Ossuary  | Noticed Menkaure
  3992 | Ossuary  | Gained mutation: Your spells are a little harder to cast,
                  | but a little more powerful. [potion of mutation]
  3992 | Ossuary  | Gained mutation: You are agile. (Dex +4, Str/Int -1)
                  | [potion of mutation]
  3993 | Ossuary  | Slain by a mummy

Illustrated notes

Levels and vault maps discovered:
D:1:      lemuel_arrival_hallway, layout_loops_ring, kennysheep_pointless_box
D:2:      layout_rooms
D:3:      layout_loops_ring, vehumet_crystals, uniq_natasha, uniq_terence
D:4:      layout_loops_corners, minmay_temple_entry_sparse_star, serial_undead,
          serial_undead_a, serial_undead_d, serial_undead_e, serial_undead_c
D:5:      minmay_clustersquares, layout_basic, minmay_small_thing
D:6:      layout_gridville, nicolae_wu_jian_wuxing_cycle,
          mainiacjoe_overflow_divided_tiny, gup_sewer_entry_bubbles,
          nicolae_ossuary_entry_giza, grunt_ministairs_14
Temple:   regret_index_temple_sphere_string
Ossuary:  ossuary_due_pyramid

Skill      XL: |  1  2  3  4  5  6  7  8  9 |
---------------+----------------------------+-----
Short Blades   | 2 3 4 5 6 8 9 |  9.0
Fighting       | 3 5 |  5.0
Shields        | 3 |  3.0
Armour         | 3 |  3.0
Dodging        | 3 |  3.0
Evocations     | 2 4 |  4.0
Stealth        | 1 |  1.9

Action                   |  1- 3 |  4- 6 |  7- 9 || total
-------------------------+-------+-------+-------++-------
Melee: Rapier            |    80 |   148 |   290 ||   518
       Bite              |    12 |    42 |   105 ||   159
Throw: Dart              |       |     1 |    10 ||    11
       Boomerang         |       |       |     1 ||     1
  Use: Scroll            |       |       |    10 ||    10
       Potion            |       |       |     5 ||     5
Armor: Scale mail        |    29 |    59 |    72 ||   160
Dodge: Dodged            |    28 |    43 |    74 ||   145
Block: Buckler           |    10 |    34 |    48 ||    92

Table legend: (Time is in decaauts)
 A = Elapsed time spent in this place.
 B = Non-inter-level travel time spent in this place.
 C = Inter-level travel time spent in this place.
 D = Time resting spent in this place.
 E = Time spent auto-exploring this place.
 F = Levels seen in this place.
 G = Mean time per level.
                   A        B        C        D        E       F      G
               +--------+--------+--------+--------+--------+-----+--------+
         Total |   3997 |   3849 |    148 |     28 |   2827 |   8 |  499.6 |
       Dungeon |   3632 |   3492 |    140 |     28 |   2691 |   6 |  605.3 |
        Temple |    158 |    150 |      8 |      0 |    136 |   1 |  158.0 |
       Ossuary |    206 |    206 |      0 |      0 |      0 |   1 |  206.0 |
               +--------+--------+--------+--------+--------+-----+--------+

Top non-repeatable levels by time:
     D:5: 932 daAuts
     D:4: 861 daAuts
     D:3: 800 daAuts
     D:1: 723 daAuts
     D:2: 285 daAuts
 Ossuary: 206 daAuts
  Temple: 158 daAuts
     D:6: 28 daAuts
